 Dungeon Crawl Stone Soup version 0.29.0-7-g18a832c13a (webtiles) character file.

Game seed: 17487207491151724003

68550 Gabide the Bludgeoner (level 15, -9/129 HPs)
             Began as a Formicid Berserker on Sept 1, 2022.
             Was a High Priest of Trog.
             Mangled by a spriggan defender simulacrum (37 damage)
             ... in an ice cave.
             The game lasted 00:44:56 (21804 turns).

Gabide the Bludgeoner (Formicid Berserker)         Turns: 21804, Time: 00:44:56

Health: -9/129     AC: 17    Str: 35    XL:     15   Next: 70%
Magic:  15/15      EV: 20    Int:  9    God:    Trog [*****.]
Gold:   1683       SH:  5    Dex: 15    Spells: 14/14 levels left

rFire   . . .      SeeInvis +   D - +8 giant club of Infinite Pain {vorpal, Str+2 Dex+2}
rCold   . . .      Faith    .   (shield currently unavailable)
rNeg    . . .      Spirit   .   G - +1 swamp dragon scales
rPois   +          Reflect  +   (helmet unavailable)
rElec   .          Harm     .   t - +2 cloak {Stlth+}
rCorr   .          Rampage  .   K - +0 pair of gloves
Will    +....                   T - +1 pair of boots
Stlth   ++........              g - amulet of reflection
HPRegen 0.31/turn               C - +6 ring of strength
MPRegen 0.14/turn               A - +4 ring of evasion

@: studying 2 skills
A: permanent stasis, dig shafts and tunnels, antennae 3, four strong arms
a: Dig, Renounce Religion, Trog's Hand, Brothers in Arms


You were in an ice cave.
You worshipped Trog.
Trog was extremely pleased with you.
You visited 2 branches of the dungeon, and saw 19 of its levels.
You also visited: Ice Cave.

You collected 1683 gold pieces.

Inventory:

Hand Weapons
 a - a +10 vorpal giant spiked club {Troginator}
 b - a +1 sling
 D - the +8 giant club of Infinite Pain (weapon) {vorpal, Str+2 Dex+2}
   (Trog gifted it to you on level 5 of the Lair of Beasts)

   It inflicts extra damage upon your enemies.
   Str:       It affects your strength (+2).
   Dex:       It affects your dexterity (+2).
 P - the +6 morningstar of the Big Fish {vamp, Str+7 Int-3}
   (You took it off an orc on level 3 of the Dungeon)

   It occasionally heals its wielder for a portion of the damage dealt when it
   wounds a living foe.
   Str:       It affects your strength (+7).
   Int:       It affects your intelligence (-3).
Missiles
 f - 2 javelins
 L - 4 curare-tipped darts
Armour
 c - a scarf of resistance
 t - a +2 cloak of stealth (worn)
 G - +1 swamp dragon scales (worn)
 K - a +0 pair of gloves (worn)
 T - a +1 pair of boots (worn)
 U - a +0 troll leather armour
Jewellery
 g - an amulet of reflection (around neck)
 k - a ring of positive energy
 v - a ring of fire
 A - a +4 ring of evasion (right hand)
 C - a +6 ring of strength (left hand)
 O - a ring of resist corrosion
Wands
 x - a wand of flame (41)
 B - a wand of digging (4)
 E - a wand of paralysis (32)
 F - a wand of iceblast (13)
 H - a wand of polymorph (2)
 I - a wand of acid (4)
Scrolls
 l - a scroll of amnesia {unknown}
 n - 3 scrolls of fear
 p - 4 scrolls of butterflies
 r - a scroll of summoning
 y - 2 scrolls of magic mapping
 z - 3 scrolls of enchant weapon
Potions
 d - 5 potions of cancellation
 e - 3 potions of ambrosia
 h - 7 potions of curing
 i - 4 potions of brilliance
 j - 2 potions of might
 m - a potion of invisibility {unknown}
 o - 13 potions of lignification
 q - 2 potions of flight
 s - 5 potions of heal wounds
 u - 2 potions of haste {unknown}
 w - 3 potions of resistance
 J - a potion of magic {unknown}
 M - 2 potions of mutation {unknown}
 Q - 2 potions of attraction {unknown}
Miscellaneous
 N - a box of beasts


   Skills:
 + Level 15.4 Fighting
 + Level 19.1 Maces & Flails
 + Level 2.2 Ranged Weapons
 - Level 7.0 Armour
 + Level 9.5 Dodging
 - Level 2.0 Stealth
 - Level 4.0 Shields
 + Level 1.2 Evocations


You had 14 spell levels left.
You didn't know any spells.
Your spell library was empty.

Dungeon Overview and Level Annotations

Branches:
Dungeon (14/15)            Temple (0/1) D:6            Lair (5/5) D:11
  Swamp (0/4) Lair:2       Spider (0/4) Lair:2        Slime (0/5) Lair:5
    Orc (0/2) D:11         Vaults (0/5) D:13          IceCv (1/1)

Altars:
Cheibriados
Elyvilon
Fedhas
Gozag
Hepliaklqana
Kikubaaqudgha
Makhleb
Nemelex Xobeh
Qazlal
Sif Muna
Wu Jian
Xom
Yredelemnul
Zin
The Shining One
Jiyva

Shops:
D:7 (   D:10 =   D:13 =

Portals:
Trove: D:11 (give +6 demon blade)


Innate Abilities, Weirdness & Mutations

You cannot be hasted, slowed, berserked, paralysed or teleported.
You can dig through walls and to a lower floor.
You have a pair of large antennae on your head. (SInv)
Your four strong arms can wield two-handed weapons with a shield.


Message History

You hear the faint crackling of a melting archway.
There is a frozen archway here.
The world spins around you as you enter the gateway.
You enter an ice cave!
Found an ice covered gate leading back out of this place.
There is an ice choked empty arch of ancient stone here.
You hit the ice devil.
The ice devil is lightly wounded.
You hit the ice devil but do no damage.
The ice devil is lightly wounded.
The ice devil closely misses you.
You sock the ice devil!
The ice devil is moderately wounded.
The ice devil completely misses you.
You bludgeon the ice devil!!
The ice devil is almost dead.
You hit the ice devil but do no damage.
The ice devil is almost dead.
The ice devil hits you! The ice devil freezes you!
You bludgeon the ice devil!!
You kill the ice devil!
Trog accepts your kill.
The spriggan defender simulacrum hits you!
The spriggan defender simulacrum freezes you!!
Press: ? - help, v - describe, . - travel
Here: a spriggan defender simulacrum The floor.
Unknown command.
Unknown command.
Okay, then.
Okay, then.
Okay, then.
Unknown command.
Your troll goes berserk!
You block the spriggan defender simulacrum's attack.
The spriggan defender simulacrum attacks as you move away!
The spriggan defender simulacrum hits you!
* * * LOW HITPOINT WARNING * * *
The spriggan defender simulacrum freezes you!!!
You die...

#### ##..##
#
##@Z..##..#
#.T........
#..∩∩......
#.......##.
##....###
##..## ####


You could see a spriggan defender simulacrum (ally target) and a friendly troll
(summoned, berserk).

Vanquished Creatures
  Kirke (Lair:5)
  An ironbound preserver (D:13)
  Josephine (Lair:4)
  A rakshasa (D:13)
  An ice dragon (Lair:5)
  7 hydras
  2 centaur warriors (D:13)
  4 death yaks (Lair:5)
  A two-headed ogre (D:13)
  A death knight (D:13)
  Nergalle (Lair:3)
  A swamp dragon (Lair:2)
  A lindwurm (Lair:5)
  A necromancer (Lair:2)
  2 wizards
  3 cyclopes
  A deep elf pyromancer (D:13)
  A wolf spider (Lair:5)
  8 ugly things
  4 manticores
  4 elephants
  2 ice statues (D:14)
  12 black mambas
  A guardian serpent (Lair:5)
  13 cane toads
  A gargoyle (D:6)
  Maggie (D:8)
  2 unseen horrors
  7 torpor snails (Lair:5)
  7 komodo dragons
  7 kobold demonologists
  A rime drake (Lair:3)
  An ice devil (IceCv)
  An efreet (D:13)
  4 trolls
  11 hornets
  4 tyrant leeches (Lair:5)
  17 blink frogs
  2 polar bears (Lair:4)
  Prince Ribbit (D:8)
  3 slime creatures (D:13)
  13 dream sheep
  3 jumping spiders (Lair:2)
  2 culicivoras (Lair:2)
  14 wyverns
  2 water elementals (D:13)
  4 wraiths
  32 yaks
  4 hogs (D:11)
  A human (D:11)
  Eustachio (D:6)
  3 basilisks
  3 vampire mosquitoes (D:12)
  An acid dragon (D:6)
  19 water moccasins
  4 ice beasts
  3 orc warriors
  A black bear (D:5)
  2 sky beasts
  7 centaurs
  5 wolves (Lair:1)
  4 phantoms
  9 kobold brigands
  2 necrophages
  8 bullfrogs
  A gnoll sergeant (D:7)
  A scorpion (D:5)
  6 killer bees
  3 electric eels
  A howler monkey (D:4)
  7 jellies
  A hound (D:6)
  8 orc priests
  Crazy Yiuf (D:6)
  6 iguanas
  13 orc wizards
  4 yak simulacra (Lair:2)
  2 wolf simulacra (Lair:2)
  2 polar bear simulacra (Lair:2)
  8 gnolls
  14 adders
  4 white imps
  A worm (D:3)
  2 dart slugs (D:1)
  41 orcs
  10 ball pythons
  5 bats
  10 endoplasms
  A giant cockroach (D:2)
  8 goblins
  7 hobgoblins
  5 jackals
  5 quokkas
  3 frilled lizards
  31 kobolds
  2 rats
  3 river rat simulacra (Lair:2)
508 creatures vanquished.

Vanquished Creatures (collateral kills)
  A death yak (D:11)
  An orc knight (D:11)
  A basilisk (D:11)
  3 orc warriors (D:11)
  An orc priest (D:11)
  11 orcs (D:11)
  A kobold (D:9)
19 creatures vanquished.

Vanquished Creatures (others)
  7 humans (Lair:5)
  28 fungi
  74 plants
109 creatures vanquished.

Grand Total: 636 creatures vanquished

Notes
Turn   | Place    | Note
-------+----------+-------------------------------------------
     0 | D:1      | Gabide the Formicid Berserker began the quest for the Orb.
     0 | D:1      | Reached XP level 1. HP: 18/18 MP: 1/1
   308 | D:1      | Reached XP level 2. HP: 23/24 MP: 2/2
   782 | D:1      | Reached XP level 3. HP: 30/30 MP: 3/3
  1341 | D:2      | Reached ** piety under Trog
  1617 | D:2      | Reached XP level 4. HP: 37/37 MP: 4/4
  1624 | D:2      | Found a faded altar of an unknown god.
  2372 | D:3      | Found a glowing golden altar of the Shining One.
  2471 | D:3      | Reached skill level 1 in Ranged Weapons
  2745 | D:3      | Reached XP level 5. HP: 34/42 MP: 5/5
  2746 | D:3      | Identified the +6 morningstar of the Big Fish {vamp, Str+7
                  | Int-3}
  2819 | D:3      | Noticed an ice beast
  2823 | D:3      | Killed an ice beast
  2824 | D:3      | Reached skill level 4 in Maces & Flails
  2824 | D:3      | Reached skill level 1 in Shields
  2824 | D:3      | Reached XP level 6. HP: 49/49 MP: 6/6
  3434 | D:3      | Found an ancient bone altar of Kikubaaqudgha.
  3434 | D:3      | Found a shimmering altar of Xom.
  3434 | D:3      | Found a shimmering blue altar of Sif Muna.
  3435 | D:3      | Found a white marble altar of Elyvilon.
  3440 | D:3      | Found a stormy altar of Qazlal.
  3572 | D:4      | Reached XP level 7. HP: 55/55 MP: 7/7
  3672 | D:4      | Reached *** piety under Trog
  3674 | D:4      | Found a sparkling altar of Nemelex Xobeh.
  3851 | D:4      | Reached skill level 5 in Maces & Flails
  4176 | D:5      | Entered Level 5 of the Dungeon
  4223 | D:5      | Noticed a water moccasin
  4232 | D:5      | Killed a water moccasin
  4233 | D:5      | Reached skill level 5 in Fighting
  4233 | D:5      | Reached skill level 1 in Stealth
  4642 | D:5      | Reached XP level 8. HP: 47/62 MP: 8/8
  5182 | D:5      | Reached skill level 6 in Maces & Flails
  5477 | D:6      | Reached skill level 5 in Armour
  5559 | D:6      | Noticed a gargoyle
  5587 | D:6      | Killed a gargoyle
  5588 | D:6      | Reached XP level 9. HP: 42/69 MP: 9/9
  5594 | D:6      | Reached skill level 7 in Maces & Flails
  6036 | D:6      | Found a runed translucent door.
  6038 | D:6      | Noticed Crazy Yiuf
  6045 | D:6      | Killed Crazy Yiuf
  6149 | D:6      | Reached **** piety under Trog
  6189 | D:6      | Found a staircase to the Ecumenical Temple.
  6586 | D:6      | Reached skill level 8 in Maces & Flails
  6662 | D:6      | Noticed Eustachio
  6678 | D:6      | Killed Eustachio
  6932 | D:7      | Found a glowing silver altar of Zin.
  6936 | D:7      | Found an opulent altar of Gozag.
  6936 | D:7      | Found a burning altar of Makhleb.
  6948 | D:7      | Found a snail-covered altar of Cheibriados.
  6951 | D:7      | Found an ornate altar of the Wu Jian Council.
  7021 | D:7      | Reached skill level 9 in Maces & Flails
  7085 | D:7      | Reached XP level 10. HP: 54/77 MP: 10/10
  7354 | D:7      | Found a blossoming altar of Fedhas.
  7395 | D:7      | Found Duosiq's Antique Weapon Shop.
  7607 | D:7      | Found a basalt altar of Yredelemnul.
  7986 | D:8      | Reached skill level 10 in Maces & Flails
  8117 | D:8      | Noticed Prince Ribbit
  8126 | D:8      | Killed Prince Ribbit
  8221 | D:8      | Noticed Maggie
  8231 | D:8      | Killed Maggie
  8351 | D:8      | Reached ***** piety under Trog
  8443 | D:9      | Found a hazy altar of Hepliaklqana.
  8487 | D:9      | Noticed a kobold demonologist
  8493 | D:9      | Noticed a kobold demonologist
  8494 | D:9      | Noticed a sun demon
  8497 | D:9      | Killed a kobold demonologist
  8498 | D:9      | Noticed a soul eater
  8498 | D:9      | Noticed a sixfirhy
  8500 | D:9      | Noticed a smoke demon
  8504 | D:9      | Killed a kobold demonologist
  8509 | D:9      | Reached skill level 11 in Maces & Flails
  8935 | D:10     | Entered Level 10 of the Dungeon
  8935 | D:10     | Found Utwatal's Jewellery Boutique.
  9007 | D:10     | Reached XP level 11. HP: 86/86 MP: 11/11
  9223 | D:10     | Reached skill level 5 in Dodging
 10293 | D:11     | Found a staircase to the Lair.
 10293 | D:11     | Noticed a death yak
 10293 | D:11     | Noticed an elephant
 10310 | D:11     | Killed an elephant
 10311 | D:11     | Reached skill level 12 in Maces & Flails
 10316 | D:11     | Killed a death yak
 10541 | D:11     | Noticed a cyclops
 10553 | D:11     | Killed a cyclops
 10675 | D:11     | Noticed a manticore
 10684 | D:11     | Killed a manticore
 10832 | D:11     | Reached skill level 1 in Evocations
 10872 | D:11     | Noticed a four-headed hydra
 10878 | D:11     | Killed a four-headed hydra
 10913 | D:11     | Noticed an orc knight
 10930 | D:11     | Killed an orc knight
 10931 | D:11     | Reached XP level 12. HP: 97/97 MP: 12/12
 10941 | D:11     | Found a staircase to the Orcish Mines.
 10994 | D:11     | Reached skill level 13 in Maces & Flails
 11010 | D:11     | Reached skill level 10 in Fighting
 11097 | D:11     | Found a portal to a secret trove of treasure.
 11754 | Lair:1   | Entered Level 1 of the Lair of Beasts
 12727 | Lair:2   | Reached skill level 14 in Maces & Flails
 12870 | Lair:2   | Found a staircase to the Swamp.
 12870 | Lair:2   | Noticed a swamp dragon
 12893 | Lair:2   | Killed a swamp dragon
 12926 | Lair:2   | Received a gift from Trog
 12944 | Lair:2   | Noticed a six-headed hydra
 12952 | Lair:2   | Killed a six-headed hydra
 13337 | Lair:2   | Reached XP level 13. HP: 106/106 MP: 13/13
 13629 | Lair:2   | Found a hole to the Spider Nest.
 14479 | Lair:3   | Reached skill level 15 in Maces & Flails
 15028 | Lair:3   | Noticed Nergalle
 15037 | Lair:3   | Killed Nergalle
 15454 | Lair:4   | Noticed a seven-headed hydra
 15463 | Lair:4   | Killed a seven-headed hydra
 15701 | Lair:4   | Noticed Josephine
 15710 | Lair:4   | Killed Josephine
 15722 | Lair:4   | Reached skill level 16 in Maces & Flails
 16277 | Lair:4   | Noticed an eight-headed hydra
 16284 | Lair:4   | Killed an eight-headed hydra
 16730 | Lair:5   | Entered Level 5 of the Lair of Beasts
 16936 | Lair:5   | Reached XP level 14. HP: 99/116 MP: 14/14
 17095 | Lair:5   | Identified the +11 great sword "Minagile" {vorpal, rC+}
                  | (Trog gifted it to you on level 5 of the Lair of Beasts)
 17095 | Lair:5   | Received a gift from Trog
 17215 | Lair:5   | Reached skill level 17 in Maces & Flails
 17230 | Lair:5   | Noticed Kirke
 17264 | Lair:5   | Killed Kirke
 17684 | Lair:5   | Found a runed translucent door.
 17688 | Lair:5   | Found a viscous altar of Jiyva.
 17689 | Lair:5   | Found a staircase to the Slime Pits.
 17709 | Lair:5   | Identified the +8 giant club of Infinite Pain {vorpal,
                  | Str+2 Dex+2} (Trog gifted it to you on level 5 of the Lair
                  | of Beasts)
 17709 | Lair:5   | Received a gift from Trog
 17749 | Lair:5   | Reached skill level 18 in Maces & Flails
 18408 | Lair:5   | Found a runed translucent door.
 18471 | Lair:5   | Reached XP level 15. HP: 123/126 MP: 15/15
 20257 | D:13     | Found Zyajoham's Jewellery Shop.
 20787 | D:13     | Noticed an ironbound preserver
 20883 | D:13     | Killed an ironbound preserver
 20944 | D:13     | Found a gate to the Vaults.
 21054 | D:13     | Reached skill level 15 in Fighting
 21581 | D:14     | Reached skill level 19 in Maces & Flails
 21741 | D:14     | Found a frozen archway.
 21788 | IceCv    | Entered an ice cave
 21804 | IceCv    | Mangled by a spriggan defender simulacrum

Illustrated notes

Levels and vault maps discovered:
D:1:      reono_arrival_mine, layout_basic, serial_bayou, serial_bayou_pond_d,
          serial_bayou_lagoon_a, serial_bayou_shore_a, serial_bayou_pond_a,
          corner_web_ring, nicolae_figureground_pulse
D:2:      layout_basic, shapermc_ecumenical_altar_starsandcircs
D:3:      minmay_octagon_keep, layout_basic, mainiacjoe_overflow_tiny_flanked,
          minitemple
D:4:      layout_basic, nemelex_dance_club_becter
D:5:      nicolae_BIG_FREAKIN_CUBE, layout_gridville, minmay_misc_feat_ornament,
          minmay_manual_macuahuitl
D:6:      layout_basic, minmay_temple_entry_overgrown, minmay_manual_mail,
          uniq_eustachio, uniq_crazy_yiuf_cottage
D:7:      layout_basic, mainiacjoe_overflow_24_doors,
          minmay_overflow_temple_star_hex, fedhas_altar_1, serial_bayou,
          serial_bayou_pond_d, serial_bayou_shore_b, serial_bayou_shore_b,
          serial_bayou_pond_e, serial_bayou_pond_d, serial_bayou_pond_a,
          serial_shops, nicolae_shop_hallway_stairs
D:8:      layout_rooms, uniq_maggie, uniq_prince_ribbit1
D:9:      layout_irregular_city, kennysheep_mini_moat
D:10:     layout_layer_cave, serial_shops, shop
D:11:     layout_cave_pods, david_lair_generic, david_orc_5,
          nicolae_trove_entry_isolated, grunt_livestock
D:12:     layout_layer_cave
D:13:     layout_basic, skrybe_vaults_entry_preservation, serial_shops,
          nicolae_shop_competitors_out_of_business, blue_anna_alchemist
D:14:     layout_basic, portal_ice_cave_entry_ice_statue_two,
          trog_butcher_becter
Lair:1:   layout_gridlike
Lair:2:   layout_roguey, minmay_swamp_entry_reptiles,
          spider_nest_entry_funnel_web, chequers_serial_rivers_small_b,
          chequers_serial_rivers_micro_c, eino_house_with_fridge
Lair:3:   layout_concentric_octagons, nicolae_quartered_pool_medium,
          patterned_corridor, lemuel_fruit_tree, lemuel_fruit_fields,
          uniq_nergalle
Lair:4:   layout_regular_city, uniq_josephine
Lair:5:   wormcave, layout_cave_shapes, hangedman_lair_tendril_chambers,
          slime_entry_2, grunt_forest_stairs_basic, uniq_kirke
IceCv:    ice_cave_tombish

Skill      XL: |  1  2  3  4  5  6  7  8  9 10 11 12 13 14 15 |
---------------+----------------------------------------------+-----
Dodging        | 2 3 4 6 7 8 9 |  9.5
Fighting       | 4 5 6 8 9 11 12 14 15 | 15.4
Ranged Weapons | 1 2 |  2.2
Armour         | 3 4 5 6 7 |  7.0
Maces & Flails | 4 5 6 9 11 12 14 16 18 19 | 19.1
Shields        | 1 2 3 4 |  4.0
Stealth        | 1 2 |  2.0
Evocations     | 1 |  1.2

Action                   |  1- 3 |  4- 6 |  7- 9 | 10-12 | 13-15 || total
-------------------------+-------+-------+-------+-------+-------++-------
Melee: Mace              |    90 |    33 |       |       |       ||   123
       Punch             |     2 |     1 |     3 |     3 |     3 ||    12
       Flail             |       |    50 |       |       |       ||    50
       Morningstar       |       |    38 |   231 |   452 |   134 ||   855
       Giant spiked club |       |       |       |     6 |   207 ||   213
       Giant club        |       |       |       |       |   216 ||   216
 Fire: Sling             |     6 |    32 |       |     4 |       ||    42
Throw: Dart              |       |       |       |       |     1 ||     1
       Javelin           |       |       |       |       |     1 ||     1
Invok: Trog's Hand       |       |       |     2 |     2 |     3 ||     7
       Brothers in Arms  |       |       |       |     3 |     2 ||     5
 Abil: Dig               |     2 |     2 |       |       |     7 ||    11
Evoke: Wand              |       |       |       |     4 |     1 ||     5
  Use: Scroll            |       |     1 |     3 |     8 |    11 ||    23
       Potion            |       |       |     2 |     1 |     3 ||     6
 Stab: Sleeping          |       |       |     6 |     8 |     5 ||    19
       Distracted        |       |       |       |     1 |     4 ||     5
Armor: Animal skin       |    10 |       |       |       |       ||    10
       Ring mail         |    27 |    38 |    57 |    14 |       ||   136
       Chain mail        |     3 |       |       |       |       ||     3
       Swamp dragon scal |       |       |       |   148 |   130 ||   278
Dodge: Dodged            |    71 |    84 |   139 |   415 |   360 ||  1069
Block: Other             |       |    38 |    38 |   106 |   101 ||   283
       Reflection        |       |       |       |     1 |       ||     1
